 Dungeon Crawl Stone Soup version 0.30-b1-2-g02819fbbbe (webtiles) character file.

Game seed: 16372510053238402401

498302 LLlMATKO the Executioner (level 24, -3/235 HPs)
             Began as a Minotaur Berserker on Aug 27, 2023.
             Was a High Priest of Trog.
             Slain by a lorocyproca (26 damage)
             ... on level 3 of the Abyss.
             The game lasted 01:37:05 (62945 turns).

LLlMATKO the Executioner (Minotaur Berserker)      Turns: 62945, Time: 01:37:05

Health: -3/235     AC: 27    Str: 30    XL:     24   Next: 0%
Magic:  2/22       EV: 13    Int:  4    God:    Trog [*****.]
Gold:   4043       SH: 39    Dex: 15    Spells: 23/23 levels left

rFire   + + +        j - +3 broad axe "Diylerho" {heavy, rElec rPois MP-9}
rCold   . . .        b - +18 shield of the Gong {Loud rN+ Will+ rCorr EV-5}
rNeg    + + .        a - +1 plate armour {rF+}
rPois   +            g - +1 hat of the Big Bang {rF+ rN+}
rElec   +            n - +1 cloak of Galliymn {Regen+ Str+3 Stlth+}
rCorr   +            (no gloves)
SInv    .            l - +0 pair of boots {Fly}
Will    ++++.        Z - amulet of reflection Stlth
                     u - ring "Gonelon" {rPois Will+}
HPRegen 1.00/turn    y - ring of Masm {rF+++ Will- MP+9 Str-2}
MPRegen 0.18/turn

%: reflection
@: lethally poisoned (-3 -> -3), strong-willed, sick, flying, regenerating,
studying 2 skills
A: horns 2, retaliatory headbutt
}: 2/15 runes: decaying, gossamer
a: Renounce Religion, Berserk, Trog's Hand, Brothers in Arms


You were on level 3 of the Abyss.
You worshipped Trog.
Trog was extremely pleased with you.
You visited 7 branches of the dungeon, and saw 37 of its levels.
You visited the Abyss 1 time.
You visited 1 bazaar.
You also visited: Trove, Sewer, Ossuary, Bailey, Ice Cave and Volcano.

You collected 4719 gold pieces.
You spent 676 gold pieces at shops.

Inventory:

Hand Weapons
 j - the +3 broad axe "Diylerho" (weapon) {heavy, rElec rPois MP-9}
   (Trog gifted it to you on level 3 of the Vaults)

   rElec:     It insulates you from electricity.
   rPois:     It protects you from poison.
   MP:        It affects your magic capacity (-9).
 q - a +3 heavy broad axe
 F - a +2 war axe of flaming
 L - a +2 spear of venom
Missiles
 d - 34 poisoned darts (quivered)
 H - 5 silver javelins
 S - 4 throwing nets
Armour
 a - a +1 plate armour of fire resistance (worn)
 b - the +18 shield of the Gong (worn) {Loud rN+ Will+ rCorr EV-5}
   (You found it on level 3 of the Vaults)

   Loud:      It is deafeningly noisy when blocking attacks.
   EV:        It affects your evasion (-5).
   rN:        It protects you from negative energy.
   rCorr:     It protects you from acid and corrosion.
   Will:      It increases your willpower.
 g - the +1 hat of the Big Bang (worn) {rF+ rN+}
   (You acquired it in an ice cave)

   rF:        It protects you from fire.
   rN:        It protects you from negative energy.
 l - a +0 pair of boots of flying (worn)
 n - the +1 cloak of Galliymn (worn) {Regen+ Str+3 Stlth+}
   (You acquired it on level 1 of the Vaults)

   Str:       It affects your strength (+3).
   Regen:     It increases your rate of health regeneration.
   Stlth:     It makes you more stealthy.
 X - a +2 tower shield
Jewellery
 c - the ring "Gumi" {Fire rCorr Dex+3}
   (You found it in a treasure trove)

   [ring of fire]

   It enhances your fire magic.
   Dex:       It affects your dexterity (+3).
   rF:        It protects you from fire.
   rC:        It makes you vulnerable to cold.
   rCorr:     It protects you from acid and corrosion.
 u - the ring "Gonelon" (left hand) {rPois Will+}
   (You found it in a treasure trove)

   [ring of willpower]

   rPois:     It protects you from poison.
   Will:      It increases your willpower.
 v - a ring of protection from cold
 y - the ring of Masm (right hand) {rF+++ Will- MP+9 Str-2}
   (You found it in a treasure trove)

   [ring of magical power]

   Str:       It affects your strength (-2).
   rF:        It renders you almost immune to fire.
   MP:        It affects your magic capacity (+9).
   Will:      It decreases your willpower.
 G - the amulet of Vitality {RegenMP++ Regen++}
   (You found it on level 1 of the Vaults)

   [amulet of magic regeneration]

   It increases your rate of magic regeneration.
   Regen:     It increases your rate of health regeneration.
 M - the ring of the Tortoise {AC+8}
   (You found it on level 1 of the Swamp)

   [ring of protection]

   AC:        It affects your AC (+8).
 R - a ring of protection from cold
 T - a ring of protection from fire
 Z - an amulet of reflection (around neck)
Wands
 h - a wand of flame (22)
 z - a wand of paralysis (45)
 E - a wand of quicksilver (18)
 K - a wand of iceblast (42)
 U - a wand of mindburst (21)
 V - a wand of polymorph (16)
Scrolls
 e - 10 scrolls of fear
 i - 5 scrolls of immolation
 t - 2 scrolls of silence
 w - 23 scrolls of identify
 x - a scroll of summoning
 C - 9 scrolls of enchant weapon
 D - 9 scrolls of fog
 I - 7 scrolls of blinking
 N - 19 scrolls of teleportation
 Q - 7 scrolls of torment
 W - 7 scrolls of enchant armour
Potions
 f - 3 potions of curing
 k - 3 potions of invisibility
 m - 4 potions of lignification
 o - 2 potions of flight
 p - 10 potions of might
 r - 3 potions of cancellation
 s - 3 potions of magic
 A - 5 potions of haste
 B - 7 potions of resistance
 J - 2 potions of berserk rage
 O - 4 potions of heal wounds
 P - 13 potions of ambrosia


   Skills:
 + Level 23.3 Fighting
 + Level 23.4 Axes
 + Level 22.2 Armour
 + Level 20.5 Dodging
 + Level 21.0 Shields


You had 23 spell levels left.
You didn't know any spells.
Your spell library was empty.

Dungeon Overview and Level Annotations

Branches:
Dungeon (15/15)            Temple (0/1) D:6            Lair (5/5) D:9
  Swamp (4/4) Lair:2       Spider (4/4) Lair:2        Slime (0/5) Lair:4
    Orc (2/2) D:12            Elf (3/3) Orc:2        Vaults (4/5) D:13
  Crypt (0/3) Vaults:2     Depths (0/4) D:15          Sewer (visited)
Ossuary (visited)          Bailey (visited)           IceCv (visited)
Volcano (visited)

Altars:
Cheibriados
Dithmenos
Elyvilon
Fedhas
Gozag
Makhleb
Okawaru
Qazlal
Ru
Sif Muna
Trog
Vehumet
Xom
Zin
The Shining One

Shops:
D:5 (   D:6 =   Orc:2 [:*(*(   Elf:2 **[   Vaults:1 ?   Vaults:2 :


Innate Abilities, Weirdness & Mutations

You have a pair of horns on your head.
You reflexively headbutt those who attack you in melee.


Message History

You kill the white ugly thing!
Trog accepts your kill.
You slash the orange demon!
You open the starcursed mass like a pillowcase!!!
You destroy the starcursed mass!
Trog accepts your kill.
You feel sick.
The white very ugly thing barely misses your troll.
You block the orange demon's attack.
SHROANNG!
You block the orange demon's attack.
GONNNNG!
You block the thrashing horror's attack.
PTOANNNG!
The thrashing horror closely misses you.
Your troll bites the orange demon.
Your troll claws the orange demon!
Your troll claws the orange demon.
Something hits you!!
* * * LOW HITPOINT WARNING * * *
You feel your power leaking away.
You block the spriggan defender simulacrum's attack.
SHROANNG!
You hear a horrible gurgling sound!
You hear a chilling moan.
You hear a trumpeting!
You hear a roar!
You feel much better.
You feel sick.
You block the thrashing horror's attack.
PANG!
You block the thrashing horror's attack.
BONNNG!
The white very ugly thing bites your troll!
The white very ugly thing freezes your troll!!
Your troll dies!
Your troll's corpse disappears in a puff of smoke!
You block the orange demon's attack.
GONNNNG!
The orange demon closely misses you. A chorus of shrieks assaults your mind.
* * * LOW HITPOINT WARNING * * *
The starcursed mass touches you but does no damage.
The spriggan defender simulacrum hits you but does no damage.
Something hits you!!
You die...

..F #. ....
.(z§ .#....# #
#(. .....##
..##)
##......#
#..##† .....#
.... ....##
.....###†X...#
.....XX∩....##
.....##@Z#.##
... #.§4.# .
#.#u#.# #.
*### .# .. #.
#.. .# .. ..
..#


You could see 2 starcursed masses, a white very ugly thing, an orange demon, a
thrashing horror, a spriggan defender simulacrum and a lurking horror.

Vanquished Creatures
  Sojobo (Vaults:4)
  Saint Roka (Elf:2)
  Boris (twice) (Vaults:3 Vaults:4)
  Nikola (Spider:4)
  A profane servitor (Abyss:3)
  Arachne (Spider:2)
  Mlioglotl (Swamp:2)
  Jorgrun (Spider:2)
  2 liches
  An ancient champion (Vaults:2)
  2 sphinxes (Vaults:3)
  The ghost of Vill the Warrior, an adept MiBe of Trog (Spider:1)
  2 thorn hunters (Swamp:4)
  Agnes (D:14)
  A storm dragon (Vaults:4)
  A tentacled starspawn (Abyss:3)
  Kirke (D:14)
  A deep elf sorcerer (Elf:1)
  An emperor scorpion (Spider:4)
  Aizul (Spider:2)
  15 vault wardens
  4 ghost moths
  A ghoul (Vaults:2)
  17 ironbound preservers
  3 orc warlords
  3 broodmothers
  Louise (Swamp:2)
  A curse skull (Vaults:2)
  A cacodemon (Abyss:3)
  2 deep elf elementalists (Elf:3)
  6 very ugly things
  6 ironbound thunderhulks
  A deep elf demonologist (Elf:3)
  Nessos (D:15)
  8 eleionomae
  18 dire elephants
  2 bunyips
  2 spark wasps (Spider:4)
  Azrael (Spider:2)
  Snorg (D:12)
  4 ettins
  A fire dragon (Lair:5)
  An eidolon (Abyss:3)
  9 entropy weavers
  4 great orbs of eyes
  A shambling mangrove (Swamp:4)
  An entropy weaver (shapeshifter) (D:15)
  Fannar (D:11)
  11 yaktaur captains
  8 vault guards
  A jorogumo (Spider:3)
  8 centaur warriors
  2 catoblepae
  12 ironbound frosthearts
  2 radroaches
  27 hydras
  A peacekeeper (Vaults:3)
  An ogre mage (Vaults:3)
  25 dancing weapons
  Erica (D:11)
  A death knight (Vaults:2)
  3 alligators
  4 boulder beetles
  9 two-headed ogres
  17 death yaks
  2 deep troll earth magi (Vaults:3)
  The ghost of diceflayer the Covert, a novice DsHu of Dithmenos (D:10)
  A tengu warrior (D:15)
  15 spriggans
  15 deep elf knights
  A hell knight (Volcano)
  6 skeletal warriors
  2 skysharks
  A death drake (Swamp:2)
  4 goliath frogs
  An iron troll (Vaults:3)
  50 deep trolls
  4 pharaoh ants
  6 spriggan druids
  A sixfirhy (Abyss:3)
  14 swamp dragons
  8 orb spiders
  13 deep elf archers
  A lindwurm (shapeshifter) (Vaults:4)
  4 steelbarb worms
  9 harpies
  15 bog bodies
  2 necromancers
  7 wizards
  A phantasmal warrior (Swamp:2)
  4 goliath frog zombies (Swamp:2)
  A mana viper (shapeshifter) (D:9)
  9 lindwurms
  22 deep elf zephyrmancers
  16 wolf spiders
  9 orc knights
  6 ironbound convokers
  17 deep elf pyromancers
  10 orc sorcerers
  21 ugly things
  3 will-o-the-wisps
  4 moths of wrath
  A worldbinder (Abyss:3)
  5 black mambas (Lair:5)
  6 cyclopes
  A rust devil (Abyss:3)
  10 elephants
  10 demonic crawlers
  2 smoke demons (Abyss:3)
  2 ice statues (IceCv)
  A guardian serpent (shapeshifter) (Vaults:1)
  18 vault sentinels
  2 molten gargoyles (Lair:5)
  An eye of devastation (Lair:4)
  2 gargoyles (D:13)
  14 cane toads
  2 torpor snails
  2 efreet
  4 rime drakes
  5 swamp worm zombies (Swamp:2)
  3 tengu conjurers
  A freezing wraith (IceCv)
  An anaconda simulacrum (IceCv)
  44 yaktaurs
  A yaktaur (shapeshifter) (D:15)
  17 komodo dragons
  6 ice devils (IceCv)
  A queen bee (D:8)
  7 meliai
  8 trolls
  22 hornets
  5 polar bears
  21 tarantellas
  8 tyrant leeches
  15 blink frogs
  Grinder (Sewer)
  The ghost of diceflayer the Shooter, an amateur DsHu (D:5)
  3 raiju (Abyss:3)
  A blink frog (shapeshifter) (D:14)
  11 dream sheep
  2 alligator zombies (Swamp:2)
  6 spectral swamp dragons (Swamp:2)
  19 jumping spiders
  6 flying skulls (Abyss:3)
  17 slime creatures
  3 shadows
  50 yaks
  21 culicivoras
  2 air elementals (Elf:2)
  6 wyverns
  4 dire elephant simulacra (IceCv)
  4 wraiths
  A spriggan (shapeshifter) (Abyss:3)
  2 vampires
  4 water elementals
  8 basilisks
  2 humans (D:14)
  A hog (D:14)
  7 large abominations
  6 fire elementals
  2 tyrant leech zombies (Swamp:2)
  23 vampire mosquitoes
  3 steam dragons
  5 chaos spawn (Abyss:3)
  43 redbacks
  3 harpy simulacra (IceCv)
  9 wargs
  22 swamp worms
  3 acid dragons
  2 hydra simulacra (IceCv)
  A floating eye (Lair:4)
  5 hell hounds
  6 water moccasins
  6 swamp drakes
  3 black bears
  35 orc warriors
  2 ice beasts (D:6)
  2 boggarts
  21 centaurs
  39 wolves
  11 ogres
  A phantom (D:7)
  3 kobold brigands
  10 bullfrogs
  2 gnoll sergeants
  3 scorpions
  5 earth elementals
  A necrophage (Sewer)
  A two-headed ogre simulacrum (IceCv)
  3 elf skeletons (D:4)
  2 wights
  A spriggan zombie (Swamp:2)
  A troll zombie (Swamp:2)
  6 killer bees (D:8)
  2 electric eels (Spider:2)
  2 vampire bats (Orc:2)
  A howler monkey (D:7)
  5 small abominations (Abyss:3)
  5 lava snakes (Lair:5)
  A human zombie (Ossuary)
  11 starcursed masses (Abyss:3)
  2 gnoll boudas
  A hound (D:6)
  3 jellies
  16 orc priests
  Terence (D:3)
  6 iguanas
  43 orc wizards
  A human skeleton (D:4)
  A spriggan simulacrum (IceCv)
  A wolf simulacrum (IceCv)
  3 mummies (Ossuary)
  Robin (D:2)
  14 gnolls
  5 adders
  4 shadow imps
  2 white imps
  5 ufetubi
  A worm (D:4)
  A dart slug (D:2)
  The ghost of Sapher the Sneak, a weakling SpDe (D:8)
  134 orcs
  13 bats
  5 endoplasms
  2 giant cockroaches
  A gnoll zombie (Ossuary)
  17 goblins
  13 hobgoblins
  10 jackals
  18 kobolds
  4 quokkas
  8 ball pythons
  A frilled lizard (D:1)
  2 goblin zombies (Ossuary)
  4 hobgoblin zombies (Ossuary)
  6 kobold zombies
  2 orc skeletons (D:4)
  5 rats
  7 briar patches (Swamp:4)
1691 creatures vanquished.

Vanquished Creatures (collateral kills)
  Mara (Swamp:3)
  A titan (Vaults:3)
  A rakshasa (D:15)
  3 dancing weapons
  A thrashing horror (Abyss:3)
  A hell knight (D:15)
  A wretched star (Abyss:3)
  A skeletal warrior (D:15)
  2 deep elf archers (Elf:1)
  A harpy (Vaults:1)
  2 deep elf pyromancers
  4 deep elf zephyrmancers (Elf:1)
  2 ugly things (D:15)
  2 wolf spiders (Spider:4)
  2 vault sentinels (Vaults:3)
  An ancient zyme (Abyss:3)
  5 starcursed masses (Abyss:3)
  3 hornets (Spider:4)
  A blink frog (Abyss:3)
  3 jumping spiders (Spider:4)
  A raiju (Abyss:3)
  2 slime creatures
  A tyrant leech zombie (Swamp:2)
  A wraith (D:9)
  5 chaos spawn (Abyss:3)
  A redback (Spider:4)
  A centaur (D:15)
  A spriggan zombie (Swamp:2)
  A crimson imp (Abyss:3)
  An ufetubus (Abyss:3)
53 creatures vanquished.

Vanquished Creatures (others)
  2 tengu reavers (Vaults:4)
  An ironbound preserver (Vaults:3)
  A very ugly thing (Vaults:4)
  An eleionoma (Swamp:2)
  A peacekeeper (Vaults:4)
  2 deep elf knights (Elf:2)
  An orb spider (Spider:3)
  A deep troll (Vaults:3)
  A wizard (D:9)
  A deep elf pyromancer (Elf:1)
  3 deep elf zephyrmancers
  A bloated husk (Swamp:2)
  A redback (Spider:3)
  14 foxfires
  14 fungi
  23 plants
  2 starspawn tentacles (Abyss:3)
  5 withered plants (Swamp:2)
75 creatures vanquished.

Grand Total: 1819 creatures vanquished

Notes
Turn   | Place    | Note
-------+----------+-------------------------------------------
     0 | D:1      | LLlMATKO the Minotaur Berserker began the quest for the
                  | Orb.
     0 | D:1      | Reached XP level 1. HP: 19/19 MP: 0/0
     6 | D:1      | Noticed a komodo dragon
     6 | D:1      | Noticed a killer bee
     7 | D:1      | Noticed a swamp drake
     7 | D:1      | Noticed a lindwurm
   117 | D:1      | Found a faded altar of an unknown god.
   271 | D:1      | Reached XP level 2. HP: 22/27 MP: 1/1
   669 | D:1      | Reached ** piety under Trog
   997 | D:2      | Reached XP level 3. HP: 27/33 MP: 2/2
  1073 | D:2      | Identified the +0 helmet "Serexz Weto" {Dex+2}
  1073 | D:2      | Noticed Robin
  1083 | D:2      | Killed Robin
  1260 | D:2      | Identified the +8 falchion "Tormentor" {holy, Fly rC-
                  | rN+++}
  1720 | D:3      | Reached XP level 4. HP: 34/40 MP: 3/3
  1849 | D:3      | Noticed Terence
  1855 | D:3      | Killed Terence
  2269 | D:4      | Reached XP level 5. HP: 27/47 MP: 4/4
  2555 | D:4      | Found an opulent altar of Gozag.
  2623 | D:4      | Reached skill level 5 in Fighting
  2623 | D:4      | Reached skill level 5 in Axes
  2638 | D:4      | Found a sand-covered staircase.
  2643 | Ossuary  | Entered an ossuary
  2643 | Ossuary  | Noticed a wraith
  2643 | Ossuary  | Noticed a wraith
  2663 | Ossuary  | Reached XP level 6. HP: 56/56 MP: 5/5
  2665 | Ossuary  | Reached *** piety under Trog
  2991 | Ossuary  | Noticed a wraith
  2999 | Ossuary  | Killed a wraith
  3127 | Ossuary  | Noticed a wraith
  3139 | D:4      | Reached skill level 5 in Armour
  3139 | D:4      | Reached XP level 7. HP: 60/62 MP: 6/6
  3191 | D:4      | Found a burning altar of Makhleb.
  3577 | D:5      | Entered Level 5 of the Dungeon
  3758 | D:5      | Found an iron altar of Okawaru.
  3759 | D:5      | Found a shadowy altar of Dithmenos.
  3760 | D:5      | Found a glowing golden altar of the Shining One.
  3927 | D:5      | Found Yfener's Weapon Emporium.
  3951 | D:5      | Reached skill level 5 in Dodging
  4072 | D:5      | Found a transporter.
  4075 | D:5      | Noticed diceflayer's ghost (amateur DsHu)
  4078 | D:5      | Identified the +2 dire flail "Qupleb" {heavy, Fly rC+
                  | Int+4}
  4211 | D:6      | Found a glowing drain.
  4219 | Sewer    | Entered a sewer
  4324 | Sewer    | Found an ancient bone altar of Kikubaaqudgha.
  4401 | Sewer    | Reached **** piety under Trog
  4430 | Sewer    | Noticed Grinder
  4443 | Sewer    | Killed Grinder
  4444 | Sewer    | Reached XP level 8. HP: 71/71 MP: 7/7
  4624 | D:6      | Found a staircase to the Ecumenical Temple.
  5352 | D:6      | Found Xole Vie's Jewellery Emporium.
  5717 | D:7      | Reached XP level 9. HP: 74/81 MP: 8/8
  6033 | D:7      | Found a sacrificial altar of Ru.
  6720 | D:7      | Reached skill level 1 in Shields
  7060 | D:8      | Found a flagged portal.
  7075 | Bailey   | Entered a bailey
  7150 | Bailey   | Reached ***** piety under Trog
  7523 | Bailey   | Noticed an orc knight
  7533 | Bailey   | Killed an orc knight
  7534 | Bailey   | Reached XP level 10. HP: 46/91 MP: 9/9
  8010 | D:8      | Received a gift from Trog
  8670 | D:8      | Found a transporter.
  8673 | D:8      | Found a transporter.
  8673 | D:8      | Noticed Sapher's ghost (weakling SpDe)
  8814 | D:8      | Reached skill level 10 in Axes
  9080 | D:8      | Found a bloodstained altar of Trog.
  9080 | D:8      | Found a stormy altar of Qazlal.
  9345 | D:9      | Noticed a wizard
  9349 | D:9      | Reached skill level 5 in Shields
  9359 | D:9      | Reached skill level 10 in Fighting
  9365 | D:9      | Killed a wizard
  9379 | D:9      | Reached skill level 10 in Armour
  9411 | D:9      | Noticed a boulder beetle
  9436 | D:9      | Killed a boulder beetle
  9437 | D:9      | Reached XP level 11. HP: 97/101 MP: 10/10
  9613 | D:9      | Noticed a mana viper
  9620 | D:9      | Killed a mana viper
  9937 | D:9      | Found a staircase to the Lair.
  9948 | D:9      | Found a blossoming altar of Fedhas.
 10640 | D:10     | Entered Level 10 of the Dungeon
 10790 | D:10     | Noticed a deep elf pyromancer
 10800 | D:10     | Killed a deep elf pyromancer
 11131 | D:10     | Found a runed translucent door.
 11131 | D:10     | Found a shimmering altar of Xom.
 11131 | D:10     | Noticed diceflayer's ghost (novice DsHu)
 11131 | D:10     | Noticed a +1 broad axe of chaos
 11179 | D:10     | Found a portal to a secret trove of treasure.
 11473 | D:10     | Noticed a white ugly thing
 11482 | D:10     | Killed a white ugly thing
 11780 | D:10     | Noticed a deep elf pyromancer
 11787 | D:10     | Killed a deep elf pyromancer
 11788 | D:10     | Reached skill level 10 in Dodging
 12130 | D:5      | Found a transporter.
 12137 | D:5      | Killed diceflayer's ghost
 12240 | D:8      | Killed Sapher's ghost
 12429 | D:8      | Identified a scroll of acquirement
 12429 | D:8      | Acquired a ring of flight
 12894 | D:11     | Found a snail-covered altar of Cheibriados.
 12934 | D:11     | Found a frozen archway.
 12955 | IceCv    | Entered an ice cave
 13293 | IceCv    | Reached XP level 12. HP: 60/110 MP: 11/11
 14502 | IceCv    | Acquired the +1 hat of the Big Bang {rF+ rN+}
 14569 | D:11     | Noticed Fannar
 14579 | D:11     | Killed Fannar
 15022 | D:11     | Noticed Erica
 15029 | D:11     | Killed Erica
 15259 | D:11     | Noticed a two-headed ogre
 15271 | D:11     | Killed a two-headed ogre
 15608 | Lair:1   | Entered Level 1 of the Lair of Beasts
 16129 | Lair:1   | Noticed a catoblepas
 16143 | Lair:1   | Killed a catoblepas
 17408 | Lair:2   | Noticed a death yak
 17409 | Lair:2   | Noticed a death yak
 17409 | Lair:2   | Noticed a death yak
 17410 | Lair:2   | Noticed a death yak
 17410 | Lair:2   | Noticed a death yak
 17412 | Lair:2   | Noticed a death yak
 17440 | Lair:1   | Killed a death yak
 17441 | Lair:1   | Reached XP level 13. HP: 50/119 MP: 12/12
 17665 | Lair:2   | Reached skill level 10 in Shields
 17861 | Lair:2   | Found a hole to the Spider Nest.
 18038 | Lair:2   | Found a staircase to the Swamp.
 19500 | Lair:3   | Received a gift from Trog
 19794 | Lair:4   | Found a dark tunnel.
 19799 | Volcano  | Entered a volcano
 20623 | Lair:4   | Reached XP level 14. HP: 128/132 MP: 13/13
 20961 | Lair:4   | Found a staircase to the Slime Pits.
 21349 | Lair:5   | Entered Level 5 of the Lair of Beasts
 21498 | Lair:5   | Received a gift from Trog
 22403 | Lair:5   | Reached skill level 15 in Axes
 22481 | Lair:5   | Reached skill level 15 in Fighting
 23311 | Lair:5   | Found a large runed translucent door.
 23311 | Lair:5   | Found a large runed translucent door.
 23364 | Lair:5   | Found a large runed translucent door.
 23364 | Lair:5   | Found a large runed translucent door.
 24496 | D:10     | Killed diceflayer's ghost
 24593 | D:12     | Reached skill level 15 in Armour
 24593 | D:12     | Reached XP level 15. HP: 122/141 MP: 14/14
 24734 | D:12     | Found the +12 pair of quick blades "Gyre" and "Gimble"
                  | {protect}
 24792 | D:12     | Noticed Snorg
 24800 | D:12     | Killed Snorg
 25225 | D:12     | Found a staircase to the Orcish Mines.
 25352 | D:12     | Found a gateway to a bazaar.
 25358 | Bazaar   | Entered a bazaar
 25364 | Bazaar   | Found Xosmen's Book Shop.
 25378 | Bazaar   | Found Gyentusiedgh's Book Shop.
 27107 | D:13     | Found a gate to the Vaults.
 27360 | Orc:1    | Entered Level 1 of the Orcish Mines
 27405 | Orc:1    | Received a gift from Trog
 27443 | Orc:1    | Reached XP level 16. HP: 151/151 MP: 15/15
 27546 | Orc:2    | Entered Level 2 of the Orcish Mines
 28610 | Orc:2    | Found a staircase to the Elven Halls.
 28661 | Orc:2    | Found Caaggil's Assorted Antiques.
 28871 | Orc:2    | Found Jioczupp's Antique Weapon Shop.
 29071 | Orc:2    | Reached ****** piety under Trog
 29181 | Orc:2    | Found Waef's Antique Weapon Shoppe.
 29181 | Orc:2    | Found Qegou's General Store.
 29218 | Orc:2    | Received a gift from Trog
 29501 | Orc:2    | Found Nuwi's Book Shoppe.
 29501 | Orc:2    | Found Leanusek's Armour Shop.
 30013 | Orc:2    | Found Caaggil's Assorted Antiques.
 30013 | Orc:2    | Found a staircase to the Elven Halls.
 30056 | Orc:2    | Found Waef's Antique Weapon Shoppe.
 30056 | Orc:2    | Found Qegou's General Store.
 30137 | Orc:2    | Found Nuwi's Book Shoppe.
 30137 | Orc:2    | Found Leanusek's Armour Shop.
 30334 | Orc:2    | Found Jioczupp's Antique Weapon Shop.
 30499 | D:14     | Noticed Agnes
 30506 | D:14     | Killed Agnes
 30773 | D:13     | Found a gate to the Vaults.
 31532 | D:14     | Noticed Kirke
 31628 | D:14     | Killed Kirke
 31629 | D:14     | Reached skill level 15 in Dodging
 31767 | D:14     | Found a glowing silver altar of Zin.
 31879 | D:14     | Received a gift from Trog
 31928 | D:14     | Found a white marble altar of Elyvilon.
 32227 | D:15     | Entered Level 15 of the Dungeon
 32250 | D:15     | Noticed Nessos
 32260 | D:15     | Killed Nessos
 33047 | D:15     | Reached XP level 17. HP: 156/160 MP: 16/16
 33185 | D:15     | Found a staircase to the Depths.
 33529 | Swamp:1  | Entered Level 1 of the Swamp
 33587 | Swamp:1  | Found the ring of the Tortoise {AC+8}
 33609 | Swamp:1  | Identified the +2 battleaxe "Murmur" {flame, Will+++ rCorr
                  | Str-5 Dex-5} (Trog gifted it to you on level 1 of the
                  | Swamp)
 33609 | Swamp:1  | Received a gift from Trog
 33827 | Swamp:1  | Reached skill level 15 in Shields
 34767 | Swamp:2  | Noticed Louise
 34780 | Swamp:2  | Killed Louise
 35421 | Swamp:2  | Received a gift from Trog
 35918 | Swamp:3  | Noticed Mlioglotl
 35939 | Swamp:2  | Killed Mlioglotl
 37332 | Swamp:3  | Noticed Mara
 37335 | Swamp:3  | Noticed LLlMATKO's illusion
 37351 | Swamp:3  | Noticed LLlMATKO's illusion
 37354 | Swamp:3  | Noticed LLlMATKO's illusion
 38036 | Swamp:3  | Killed Mara
 38243 | Swamp:4  | Entered Level 4 of the Swamp
 38703 | Swamp:4  | Identified the +11 dagger "Death Rattle" {pain, Int+2 Dex+3
                  | Stlth+}
 38745 | Swamp:4  | Reached XP level 18. HP: 171/171 MP: 17/17
 39651 | Swamp:4  | HP: 2/172 [bog body/bolt of cold (26)]
 42026 | Swamp:4  | Got a decaying rune of Zot
 42485 | Spider:1 | Entered Level 1 of the Spider Nest
 42949 | Spider:1 | Found a runed translucent door.
 43911 | Spider:1 | Noticed Vill's ghost (adept MiBe)
 43932 | Spider:1 | Killed Vill's ghost
 43939 | Spider:1 | Identified the staff of fire "Iwugenewk" {rF+ rN+}
 44165 | Spider:2 | Noticed Arachne
 44325 | Spider:2 | Killed Arachne
 44966 | Spider:2 | Noticed Jorgrun
 44971 | Spider:2 | Killed Jorgrun
 45087 | Spider:2 | Noticed Aizul
 45104 | Spider:2 | Killed Aizul
 45273 | Spider:2 | Noticed Azrael
 45283 | Spider:2 | Killed Azrael
 46622 | Spider:3 | Identified the +3 flail of a Gauntlet {heavy, SInv}
 47087 | Spider:3 | Reached XP level 19. HP: 181/181 MP: 18/18
 47655 | Spider:4 | Entered Level 4 of the Spider Nest
 48220 | Spider:4 | Noticed Nikola
 48235 | Spider:4 | Killed Nikola
 48581 | Spider:4 | Identified the +0 scimitar of Tymoxtab {heavy, Int+2
                  | Stlth+}
 49726 | Spider:4 | Got a gossamer rune of Zot
 50115 | Elf:1    | Entered Level 1 of the Elven Halls
 50313 | Elf:1    | Found a radiant altar of Vehumet.
 51265 | Elf:1    | Received a gift from Trog
 51774 | Elf:2    | Found a shimmering blue altar of Sif Muna.
 51822 | Elf:2    | Found Waklonann's General Store.
 52081 | Elf:2    | Found a runed translucent gate.
 52081 | Elf:2    | Found a runed translucent gate.
 52082 | Elf:2    | Found a runed translucent gate.
 52220 | Elf:2    | Found Vaohiar's General Store.
 52248 | Elf:2    | Found Uxau's Armour Boutique.
 52403 | Elf:2    | Paralysed by an air elemental for 1 turns
 52405 | Elf:2    | Paralysed by an air elemental for 1 turns
 53398 | Elf:2    | Noticed Saint Roka
 53414 | Elf:2    | Killed Saint Roka
 53628 | Elf:2    | Received a gift from Trog
 54158 | Elf:2    | Found Uxau's Armour Boutique.
 54194 | Elf:2    | Found Waklonann's General Store.
 54214 | Elf:2    | Found Vaohiar's General Store.
 54247 | Elf:2    | Found a shimmering blue altar of Sif Muna.
 54534 | Elf:3    | Entered Level 3 of the Elven Halls
 54541 | Elf:3    | Reached XP level 20. HP: 155/193 MP: 19/19
 55380 | Vaults:1 | Entered Level 1 of the Vaults
 55458 | Vaults:1 | Received a gift from Trog
 56653 | Vaults:1 | Received a gift from Trog
 57268 | Vaults:1 | Found the amulet of Vitality {RegenMP++ Regen++}
 57571 | Vaults:1 | Reached XP level 21. HP: 202/202 MP: 20/20
 57572 | Vaults:1 | Reached XP level 22. HP: 211/211 MP: 21/21
 57606 | Vaults:1 | Found Kiniz's Magic Scroll Boutique.
 57646 | Vaults:1 | Bought a scroll of acquirement for 676 gold pieces
 57646 | Vaults:1 | Acquired 946 gold pieces
 57883 | D:10     | You paid a toll of 20 potions of curing to enter a treasure
                  | trove
 57884 | Trove    | Entered a treasure trove
 57890 | Trove    | Identified the ring "Gumi" {Fire rCorr Dex+3}
 57892 | Trove    | Identified the amulet "Muddor" {Spirit Harm}
 57894 | Trove    | Identified the ring of Equilibrium {Fly Dex+5}
 57898 | Trove    | Identified the amulet of Utojuinn {*Corrode rC+ rN+ Regen+}
 57903 | Trove    | Identified the ring "Gonelon" {rPois Will+}
 57911 | Trove    | Identified the ring of Masm {rF+++ Will- MP+9 Str-2}
 58590 | Vaults:2 | Paralysed by a great orb of eyes for 3 turns
 58606 | Vaults:2 | Paralysed by a great orb of eyes for 2 turns
 58778 | Vaults:2 | Received a gift from Trog
 59075 | Vaults:2 | Found a staircase to the Crypt.
 59304 | Vaults:1 | Acquired a manual of Axes
 59309 | Vaults:1 | Acquired the +1 cloak of Galliymn {Regen+ Str+3 Stlth+}
 59625 | Vaults:2 | You are sucked into a shaft and drop 1 floor!
 59802 | Vaults:2 | Found Maw Kief's Book Shoppe.
 59859 | Vaults:2 | Reached XP level 23. HP: 206/220 MP: 22/22
 60379 | Vaults:3 | Paralysed by a great orb of eyes for 5 turns
 60578 | Vaults:3 | Received a gift from Trog
 60766 | Vaults:3 | Identified the +2 falchion of Anguish {holy, rN+ Int+5}
 60794 | Vaults:3 | Noticed Boris
 60807 | Vaults:3 | Killed Boris
 61181 | Vaults:3 | Identified the +1 arbalest of Fepolaip {freeze, rC+ Will+
                  | Str-3 Int+4}
 61226 | Vaults:3 | Paralysed by a sphinx for 2 turns
 61432 | Vaults:3 | Identified the +3 broad axe "Diylerho" {heavy, rElec rPois
                  | MP-9} (Trog gifted it to you on level 3 of the Vaults)
 61432 | Vaults:3 | Received a gift from Trog
 61659 | Vaults:3 | Found the +18 shield of the Gong {Loud rN+ Will+ rCorr
                  | EV-5}
 61987 | Vaults:4 | Noticed Boris
 62002 | Vaults:4 | Killed Boris
 62069 | Vaults:4 | Noticed Sojobo
 62082 | Vaults:4 | Paralysed by an air elemental for 1 turns
 62093 | Vaults:4 | Paralysed by an air elemental for 1 turns
 62236 | Vaults:4 | Killed Sojobo
 62668 | Abyss:3  | Cast into level 3 of the Abyss (a wizard)
 62744 | Abyss:3  | Received a gift from Trog
 62921 | Abyss:3  | Paralysed by accursed screaming for 2 turns
 62927 | Abyss:3  | Paralysed by accursed screaming for 2 turns
 62938 | Abyss:3  | Paralysed by accursed screaming for 1 turns
 62944 | Abyss:3  | Reached XP level 24. HP: 31/235 MP: 13/22
 62944 | Abyss:3  | HP: 11/235 [something (19)]
 62945 | Abyss:3  | Slain by a lorocyproca

Illustrated notes

Levels and vault maps discovered:
D:1:      onia_arrival_zoo_common, layout_loops_corners, basic_ecumenical_altar
D:2:      layout_basic, dreamdust_wishing_well, hangedman_decor_peaks_small,
          uniq_robin
D:3:      layout_rooms, uniq_terence
D:4:      layout_gridville, mainiacjoe_overflow_concentric_impassable,
          nicolae_gozag_seed_capital, nicolae_ossuary_entry_catacombs
D:5:      layout_cave_pools, grunt_temple_overflow_open, gammafunk_ghost_smash,
          serial_shops, nicolae_shop_hallway_stairs
D:6:      minmay_inner_zag, layout_loops_corners,
          minmay_temple_entry_glassed_door, serial_shops, shop,
          portal_sewer_entry_d, hangedman_decor_opposing
D:7:      layout_loops_cross, nicolae_ru_sacrificial_ziggurat,
          kennysheep_generic_room_16
D:8:      layout_loops_corners, gammafunk_temple_overflow_pools, enter_bailey_5,
          serial_aquarium, aquarium_bridge_square [aquarium_subvault_bridge,
          aquarium_subvault_window, aquarium_subvault_window,
          aquarium_subvault_bridge], aquarium_window_corner, aquarium_window_1,
          aquarium_window_fake, aquarium_window_fake, aquarium_view_2a,
          aquarium_pool_1, gammafunk_ghost_hive, minmay_misc_feat_hallway,
          kennysheep_opposing_triangles
D:9:      minmay_tri_box, layout_irregular_city, fedhas_altar_fruit_tree,
          erik_lair_orcish_takeover
D:10:     minmay_cornered_nines, layout_basic, ebering_ghost_xom,
          nicolae_trove_entry_isolated
D:11:     layout_loops_cross, portal_ice_cave_rime, cheibriados_altar_1,
          uniq_erica, uniq_fannar
D:12:     layout_roguey, hiddenorc1_lemuel, serial_shops, bzr_entry_road,
          uniq_snorg
D:13:     layout_roguey, lightli_vaults_fourway_checkpoint
D:14:     layout_loops_ring, elyvilon_altar_3, zin_angel, uniq_agnes, uniq_kirke
D:15:     hangedman_depths_entry_civil_slaughter, layout_loops_corners,
          uniq_nessos
Lair:1:   layout_layer_cave
Lair:2:   layout_long_grid, minmay_swamp_entry_worms, spider_nest_entry_rubble,
          lemuel_fruit_fields
Lair:3:   beast_lair_carwin_large_3, layout_hall_layers,
          small_statue_intersection, minivault_24
Lair:4:   layout_hall_layers, minmay_slime_entry_eyes, enter_volcano_4
Lair:5:   cheibrodos_lair_end_hotspot, layout_regular_city,
          grunt_forest_large_clearings
Swamp:1:  layout_basic_swamp, serial_swamp_ruin, evilmike_swamp_ruin_rubble_1,
          evilmike_swamp_ruin_rubble_2, infiniplex_staircase_pool
Swamp:2:  cheibrodos_swamp_mausoleum, layout_falls_marsh,
          nicolae_swamp_some_circles, swamp_pool3, uniq_louise
Swamp:3:  layout_falls_marsh, evilmike_swamp_ruin_house_3, swamp_pool1,
          nicolae_swamp_small_spring, uniq_mara, uniq_mlioglotl
Swamp:4:  swamp_basic_johnstein, layout_basic_swamp, nicolae_swamp_dense_foliage
Spider:1: layout_spider_delve, ebering_ghost_reflecting_pool
Spider:2: layout_spider_delve, uniq_aizul, uniq_arachne, uniq_jorgrun,
          uniq_azrael
Spider:3: nicolae_orb_stairs_large, guppyfry_hornet_nest
Spider:4: spider_rune_water, uniq_nikola
Orc:1:    layout_caves
Orc:2:    st_orc_town, layout_diamond_mine, basic_altar, serial_shops,
          nicolae_square_shop, shop, roderic_batcave, minmay_orc_barracks
Elf:1:    eino_elf_arrival_altar, layout_gridlike, minmay_elf_annihilation
Elf:2:    nicolae_elf_blades_splatter_lattice
          [nicolae_blade_entry_sentries_behind_glass], layout_geoelf_octagon,
          basic_altar, serial_shops, nicolae_shop_real_fake_doors,
          nicolae_take_the_stairs, nicolae_shop_tiny_statue_garden,
          uniq_saint_roka
Elf:3:    grunt_elf_hall_spiral, layout_gridlike
Vaults:1: hangedman_vaults_stream, v_misc_11, nicolae_vaults_stepped_doors,
          v_misc_3, hangedman_vaults_trim, nicolae_vaults_what_the_h,
          nicolae_vaults_specimen_jars, nicolae_vaults_tetromino_Z_2,
          vaults_room_hangedman_quadrants, v_misc_16,
          nicolae_vaults_circle_grid_b, nicolae_vaults_house_3,
          layout_vaults_big_cross, serial_shops, shop_statue
Vaults:2: v_misc_10, minmay_crypt_entry_simple_walls,
          nicolae_vaults_shipping_containers_2, grunt_vaults_twisty,
          ontoclasm_vaults_ring_small, nicolae_vaults_six-pack,
          ontoclasm_vaults_eye, nicolae_vaults_house_2,
          nicolae_vaults_trapezoid_layered, nicolae_vaults_heist,
          ontoclasm_vaults_tryst, grunt_vaults_hallway_short,
          layout_vaults_big_room, serial_shops, nicolae_square_shop
Vaults:3: grunt_vaults_hallway_short, nicolae_vaults_network_star,
          vaults_mumra_hex, nicolae_vaults_yaktaur_gun_rack,
          nicolae_vaults_tetromino_L_1, nicolae_vaults_storage_room_glass,
          nicolae_vaults_weapon_check, nicolae_vaults_meiosis,
          ontoclasm_vaults_pinch, v_misc_9, v_misc_13, v_misc_8,
          hellmonk_guarded_unrand_gong, nicolae_vaults_tetromino_T_2,
          vaults_mumra_chevron, nicolae_vaults_double_plus_1,
          ontoclasm_vaults_decontamination, layout_vaults_maze, uniq_boris
Vaults:4: nicolae_vaults_inception_scallops, vaults_room_stairs_pillars,
          hangedman_vaults_stagger, nicolae_vaults_tangram_1, v_pattern_4,
          nicolae_vaults_security_offices_6, hangedman_vaults_cutoff,
          nicolae_vaults_network_quincunx
          [nicolae_vaults_network_quincunx_subvault,
          nicolae_vaults_network_quincunx_subvault,
          nicolae_vaults_network_quincunx_subvault,
          nicolae_vaults_network_quincunx_subvault,
          nicolae_vaults_network_quincunx_subvault],
          nicolae_vaults_variable_pillar_hall_cross,
          nicolae_vaults_tetromino_Z_2, nicolae_vaults_tetromino_L_2,
          vaults_mumra_lcd, v_misc_30, nicolae_vaults_tetromino_Z_2,
          nicolae_vaults_wine_cellar, nicolae_vaults_little_squares_6,
          v_misc_19, nicolae_vaults_layer_cake_slice, layout_vaults_omnibox,
          serial_shops, bzr_entry_safe, uniq_sojobo, uniq_margery
Abyss:3:  base: D:15, base: Depths:4, evilmike_abyss_exit_chaos

Skill      XL: |  1  2  3  4  5  6  7  8  9 10 11 12 13 14 15 16 17 18 19 20 21 22 23 |
---------------+----------------------------------------------------------------------+-----
Fighting       | 4 5 6 7 9 10 11 12 14 15 16 17 18 19 20 21 23 | 23.3
Axes           | 4 5 6 7 9 10 11 12 14 15 16 17 18 19 20 21 23 | 23.4
Armour         | 3 4 5 6 7 9 10 11 12 13 15 16 17 18 19 20 21 22 | 22.2
Dodging        | 3 4 5 6 8 9 10 11 12 13 14 15 16 17 18 19 20 | 20.5
Shields        | 3 5 8 9 11 12 13 14 16 17 18 19 21 | 21.0

Action                     |  1- 3 |  4- 6 |  7- 9 | 10-12 | 13-15 | 16-18 | 19-21 | 22-24 || total
---------------------------+-------+-------+-------+-------+-------+-------+-------+-------++-------
  Melee: Hand axe          |    68 |   111 |   268 |   554 |   113 |       |       |       ||  1114
         Headbutt          |     7 |    18 |    45 |   132 |   172 |   239 |   102 |   176 ||   891
         Punch             |       |       |     2 |       |       |       |       |       ||     2
         War axe           |       |       |       |       |   385 |    39 |       |       ||   424
         Scimitar          |       |       |       |       |     3 |       |       |       ||     3
         Broad axe         |       |       |       |       |   155 |  1161 |   577 |   618 ||  2511
         Unarmed           |       |       |       |       |       |    14 |       |       ||    14
  Throw: Dart              |       |       |     9 |    11 |    23 |    81 |    11 |    15 ||   150
         Javelin           |       |       |     3 |       |       |       |       |       ||     3
         Throwing net      |       |       |       |     1 |       |       |       |       ||     1
 Invoke: Berserk           |     1 |     1 |     4 |    13 |    15 |    21 |    10 |     7 ||    72
         Trog's Hand       |       |       |       |     2 |     2 |     3 |     5 |     3 ||    15
         Brothers in Arms  |       |       |       |     1 |     2 |     6 |     8 |     6 ||    23
  Evoke: Wand              |       |       |       |       |       |     1 |       |       ||     1
    Use: Scroll            |       |     9 |     5 |    17 |     2 |     2 |       |     5 ||    40
         Potion            |       |       |       |       |     1 |     1 |     2 |     3 ||     7
   Stab: Sleeping          |     1 |       |       |       |       |       |       |       ||     1
 Armour: Animal skin       |    11 |       |       |       |       |       |       |       ||    11
         Ring mail         |     1 |     1 |       |       |       |       |       |       ||     2
         Scale mail        |       |    32 |    69 |       |       |       |       |       ||   101
         Plate armour      |       |       |    30 |   185 |   287 |   550 |   176 |   224 ||  1452
  Dodge: Dodged            |    45 |    56 |   150 |   160 |   330 |   525 |   203 |   213 ||  1682
         Repelled          |       |       |       |       |       |     1 |    18 |       ||    19
  Block: Buckler           |       |       |    13 |    94 |   165 |       |       |       ||   272
         Tower shield      |       |       |       |       |    78 |  1145 |   564 |   568 ||  2355
         Reflection        |       |       |       |       |       |       |    80 |    55 ||   135
         Kite shield       |       |       |       |       |       |       |       |   375 ||   375
